 Dungeon Crawl Stone Soup version 0.27.1-33-g824d729ab1 (webtiles) character file.

Game seed: 3546000134916651492

58 raph the Stinger (level 4, 0/30 HPs)
             Began as a Merfolk Venom Mage on Dec 11, 2021.
             Succumbed to an adder's poison
             ... on level 1 of the Dungeon.
             The game lasted 00:04:00 (2175 turns).

raph the Stinger (Merfolk Venom Mage)               Turns: 2175, Time: 00:04:00

Health: 0/30       AC:  2    Str:  8    XL:     4   Next: 1%
Magic:  1/7        EV: 12    Int: 15    God:
Gold:   66         SH:  0    Dex: 14    Spells: 1/7 levels left

rFire    . . .     SeeInvis .   g - +0 spear
rCold    . . .     Faith    .   (no shield)
rNeg     . . .     Spirit   .   a - +0 robe
rPois    .         Reflect  .   (no helmet)
rElec    .         Harm     .   (no cloak)
rCorr    .         Rampage  .   (no gloves)
Will     .....                  (no boots)
Stlth    ++........             (no amulet)
HPRegen  0.10/turn              (no ring)
MPRegen  0.10/turn              (no ring)

@: lethally poisoned (0 -> -1)
A: (nimble swimmer 2), mertail
a: no special abilities


You were on level 1 of the Dungeon.
You visited 1 branch of the dungeon, and saw 2 of its levels.

You collected 66 gold pieces.

Inventory:

Hand Weapons
 c - a +0 short sword
 g - a +0 spear (weapon)
Missiles
 b - 13 poisoned darts
Armour
 a - a +0 robe (worn)
Magical Staves
 d - a staff of conjuration
Scrolls
 e - a scroll of vulnerability {unknown}
 f - a scroll of identify {unknown}


   Skills:
 - Level 2.6 Dodging
 - Level 2.1 Stealth
 + Level 2.0 Spellcasting
 + Level 0.0 Conjurations
 - Level 1.3 Transmutations
 + Level 5.2 Poison Magic


You had one spell level left.
You knew the following spells:

 Your Spells              Type           Power      Damage    Failure   Level
a - Sting                 Tmut/Pois      44%        1d5       6%          1
b - Poisonous Vapours     Pois/Air       18%        N/A       12%         2
c - Mephitic Cloud        Conj/Pois/Air  6%         N/A       32%         3

Your spell library contained the following spells:

 Spells                   Type           Power      Damage    Failure   Level
 Olgreb's Toxic Radiance  Pois           17%        N/A       26%         4


Dungeon Overview and Level Annotations

Branches:
Dungeon (2/15)

Altars:

Annotations:
D:2 Jessica


Innate Abilities, Weirdness & Mutations

((You are quick and stealthy near water. (Stealth+, EV+, Speed+++)))
Your lower body shifts to a powerful aquatic tail in water.


Message History

Aiming: Sting (safe; 6% risk of failure)
Press: ? - help, Q - select action, (/) - cycle Shift-Dir - straight line, f - adder, p - Jessica
Aim: an adder (53% to hit)
The sting misses the adder.
The adder bites you but does no damage. The adder bites you.
You are poisoned.
The adder poisons you!
You feel sick. The adder bites you.
You feel sick.
Jessica gestures wildly while chanting.
Jessica blinks!
You feel sick.
You feel sick.
You are no longer poisoned.
Jessica casts a spell at you. You resist with some effort.
Your magical contamination has completely faded away.
The adder closely misses you.
There is an open door here.
Aiming: Sting (safe; 6% risk of failure)
Press: ? - help, Q - select action, (/) - cycle Shift-Dir - straight line, f/p - adder
Aim: an adder (53% to hit)
The sting hits the adder.
The adder is poisoned.
The adder is lightly wounded.
The adder misses you. The adder barely misses you.
Jessica casts a spell.
Jessica blinks!
The adder bites you.
The adder looks more healthy.
The adder bites you.
* * * LOW HITPOINT WARNING * * *
You are poisoned.
The adder poisons you!
You feel sick.
You feel sick.
There is a stone staircase leading up here.
You feel sick. The adder bites you.
* * * LOW HITPOINT WARNING * * *
You climb upwards.
You die...

####.....................####.#
####....#..#..##.##.#.####.#
###........#..#......(......#
##..)##............#.........#
##..###.......................#
..............................#
#####............>............# #
##..........................###
###...##........@...............#
...............S##.#####.....##.#
.............##....# #..#..##.#
...................#####........#
.............#####..>.#.......###
........#.................#.#.#
......................##..#.#.#
.[........[)...........#....#.##
.).........#.....#..........#..##


You could see an adder.

Vanquished Creatures
  2 adders (D:2)
  2 dart slugs (D:2)
  5 endoplasms (D:1)
  3 giant cockroaches
  3 goblins
  4 hobgoblins
  2 quokkas (D:1)
  A ball python (D:1)
  5 bats (D:1)
  A frilled lizard (D:2)
  4 kobolds
  2 rats (D:1)
34 creatures vanquished.

Notes
Turn   | Place    | Note
-------+----------+-------------------------------------------
     0 | D:1      | raph the Merfolk Venom Mage began the quest for the Orb.
     0 | D:1      | Reached XP level 1. HP: 13/13 MP: 3/3
    75 | D:1      | Found a faded altar of an unknown god.
   283 | D:1      | Reached XP level 2. HP: 1/19 MP: 3/5
   301 | D:1      | Reached skill level 4 in Poison Magic
   660 | D:1      | Learned a level 2 spell: Poisonous Vapours
  1044 | D:1      | Reached XP level 3. HP: 10/24 MP: 3/6
  1048 | D:1      | Learned a level 3 spell: Mephitic Cloud
  1681 | D:2      | Reached skill level 5 in Poison Magic
  2051 | D:2      | Reached XP level 4. HP: 23/30 MP: 5/7
  2125 | D:2      | Noticed Jessica
  2174 | D:2      | HP: 1/30 [adder (4)]
  2175 | D:1      | Succumbed to an adder's poison

Illustrated notes

Levels and vault maps discovered:
D:1:      scummos_arrival_simple_crosswalls, layout_rooms,
          chequers_ecumenical_altar_simple
D:2:      layout_basic, uniq_jessica

Skill      XL: |  1  2  3 |
---------------+----------+-----
Poison Magic   | 4 5 |  5.2
Dodging        | |  2.6
Stealth        | |  2.1
Spellcasting   | |  2.0
Transmutations | |  1.3

Action                   |  1- 3 |  4- 6 || total
-------------------------+-------+-------++-------
Melee: Short sword       |    23 |       ||    23
       Unarmed           |     6 |       ||     6
       Spear             |     5 |       ||     5
Throw: Dart              |       |     1 ||     1
 Cast: Sting             |    35 |     3 ||    38
       Poisonous Vapours |    12 |     1 ||    13
 Stab: Sleeping          |     1 |       ||     1
Armor: Robe              |    13 |     1 ||    14
Dodge: Dodged            |    59 |     3 ||    62
